Map: [ESL] Babylon

Players

Cham - Winner!

  • Race: Zerg Zerg

Harstem

  • Race: Protoss Protoss
  • League: Master

Event: IEM Katowice 2023

VOD

Have the link to the VOD?

Description

Time

  • Played on: Feb. 8, 2023, 9:31 a.m.
  • Length: 9:35

All games in this series

Show
View Real Time Build Order
Export as new Build Order

Cham Zerg - Winner!

Build Orders: Hatch First, Swarm Host 

Get SALT Encoding   

  12  0:00  Drone  
  13  0:13  Overlord  
  13  0:16  Drone  
  14  0:31  Drone x2  
  16  0:50  Hatchery  
  16  0:51  Drone  
  16  0:55  Drone  
  17  1:03  Drone  
  18  1:14  Spawning Pool  
  18  1:17  Extractor, Drone  
  17  1:20  Drone  
  18  1:29  Drone  
  19  1:40  Drone  
  20  1:53  Overlord  
  20  2:01  Queen  
  20  2:02  Queen  
  20  2:03  Zergling x4  
  26  2:13  Drone  
  26  2:14  Drone  
  28  2:17  Metabolic Boost  
  28  2:24  Drone x2  
  30  2:37  Hatchery  
  29  2:44  Queen  
  29  2:49  Overlord  
  31  2:52  Drone  
  31  2:54  Drone  
  31  2:57  Drone  
  34  3:01  Overlord  
  34  3:08  Queen  
  34  3:10  Zergling x2  
  37  3:13  Zergling x2  
  37  3:17  Drone x2  
  40  3:25  Drone x2  
  37  3:34  Drone x2  
  37  3:35  Drone  
  41  3:41  Drone  
  41  3:43  Overlord  
  41  3:44  Drone  
  42  3:50  Spore Crawler  
  42  3:53  Drone, Spore Crawler  
  42  3:54  Drone  
  42  3:55  Drone  
  43  4:01  Drone x2  
  43  4:02  Drone x2  
  44  4:04  Drone  
  44  4:05  Drone  
  47  4:15  Drone x3  
  50  4:17  Overlord, Drone  
  50  4:20  Drone  
  50  4:21  Drone  
  50  4:23  Drone  
  54  4:28  Drone  
  55  4:33  Drone x3  
  55  4:34  Drone, Roach Warren  
  58  4:40  Overlord  
  58  4:41  Lair  
  58  4:51  Drone  
  58  4:52  Drone x7  
  66  4:54  Extractor  
  66  4:57  Overlord  
  65  5:01  Overlord, Drone x3  
  65  5:03  Drone  
  69  5:07  Extractor  
  69  5:10  Extractor  
  69  5:11  Extractor  
  69  5:12  Extractor, Evolution Chamber  
  64  5:14  Drone x3  
  64  5:17  Overlord  
  64  5:18  Drone x2  
  69  5:25  Drone  
  69  5:26  Drone x2  
  72  5:29  Drone x2  
  72  5:33  Drone x2  
  72  5:34  Overlord  
  76  5:35  Drone  
  76  5:41  Zerg Missile Weapons Level 1, Glial Reconstitution  
  76  5:43  Infestation Pit, Drone x3  
  76  5:46  Overlord  
  77  5:50  Overlord  
  77  5:52  Roach  
  79  5:57  Overlord  
  79  6:00  Roach x4  
  79  6:01  Overlord  
  87  6:18  Swarm Host x3  
  87  6:19  Swarm Host x4  
  87  6:22  Swarm Host  
  87  6:24  Overlord  
  111  6:25  Drone  
  111  6:27  Swarm Host  
  111  6:29  Roach  
  111  6:30  Roach  
  119  6:33  Overlord  
  119  6:35  Roach x3  
  119  6:39  Overlord x2  
  125  6:43  Roach x3  
  131  6:47  Drone  
  131  6:50  Overlord  
  131  6:52  Roach  
  133  6:57  Roach x4  
  133  6:58  Roach  
  133  7:00  Overlord  
  143  7:05  Roach  
  143  7:06  Roach x3  
  151  7:10  Ravager x3  
  151  7:13  Roach x3  
  159  7:20  Ravager  
  159  7:21  Roach x2  
  164  7:23  Roach  
  164  7:31  Roach x4  
  164  7:33  Zergling x2  
  164  7:36  Zergling x6  
  172  7:40  Hatchery  
  172  7:42  Zergling x8  
  176  7:44  Zergling x2  
  176  7:48  Ravager  
  177  7:55  Roach x4  
  177  7:57  Zergling x2  
  171  8:16  Roach x7  
  171  8:17  Roach x2  
  171  8:19  Queen  
  186  8:23  Roach x2  
  186  8:25  Zergling x2  
  175  8:39  Roach x4  
  175  8:40  Roach x3  
  178  8:49  Roach  
  178  8:50  Roach x2  
  174  9:03  Roach  
  174  9:04  Roach x7  
  167  9:13  Roach x4  
  181  9:29  Ravager x3  
Show
View Real Time Build Order
Export as new Build Order

Harstem Protoss 

Build Orders: 1 Gate Expand, Oracle Opening, Zealot Archon 

Get SALT Encoding   

  12  0:00  Probe  
  13  0:12  Probe  
  14  0:18  Pylon  
  14  0:24  Probe  
  15  0:36  Probe (Chrono Boost)  
  15  0:42  Gateway  
  16  0:48  Probe (Chrono Boost)  
  16  0:49  Assimilator  
  17  0:53  Probe (Chrono Boost)  
  18  1:03  Probe  
  19  1:15  Probe  
  20  1:25  Nexus  
  20  1:36  Cybernetics Core  
  20  1:38  Probe  
  21  1:45  Assimilator  
  21  1:51  Probe  
  21  1:54  Pylon  
  22  2:03  Probe  
  23  2:09  Adept (Chrono Boost)  
  23  2:15  Probe  
  26  2:20  Stargate  
  26  2:27  Probe  
  26  2:29  Adept (Chrono Boost)  
  27  2:33  Warp Gate  
  29  2:38  Probe  
  29  2:39  Probe  
  31  2:50  Probe  
  32  2:51  Probe  
  32  2:52  Adept  
  35  3:02  Probe  
  35  3:03  Probe  
  35  3:04  Oracle (Chrono Boost)  
  37  3:11  Pylon  
  40  3:14  Probe  
  40  3:15  Probe  
  42  3:26  Probe  
  41  3:27  Probe  
  41  3:33  Oracle (Chrono Boost)  
  42  3:38  Probe  
  42  3:39  Probe  
  47  3:43  Gateway  
  47  3:50  Probe  
  47  3:52  Probe  
  47  3:53  Nexus  
  49  4:02  Probe  
  50  4:04  Probe  
  50  4:05  Forge  
  50  4:07  Twilight Council  
  50  4:09  Pylon  
  51  4:14  Probe  
  51  4:17  Probe  
  53  4:25  Assimilator  
  53  4:26  Probe  
  53  4:27  Assimilator  
  53  4:29  Probe, Robotics Facility  
  53  4:30  Adept  
  57  4:35  Pylon  
  57  4:38  Shield Battery  
  57  4:39  Probe (Chrono Boost)  
  57  4:41  Probe (Chrono Boost)  
  57  4:44  Protoss Ground Weapons Level 1  
  59  4:51  Probe (Chrono Boost)  
  61  4:53  Probe (Chrono Boost)  
  61  4:56  Charge  
  61  4:59  Probe (Chrono Boost)  
  62  5:00  Probe (Chrono Boost)  
  62  5:02  Gateway  
  62  5:03  Gateway  
  62  5:06  Probe (Chrono Boost)  
  65  5:09  Probe (Chrono Boost)  
  65  5:12  Probe (Chrono Boost)  
  65  5:13  Templar Archives  
  66  5:17  Probe (Chrono Boost)  
  66  5:20  Probe (Chrono Boost)  
  69  5:21  Probe x2 (Chrono Boost)  
  69  5:26  Zealot x2  
  74  5:29  Pylon, Probe  
  74  5:31  Probe  
  74  5:32  Immortal (Chrono Boost)  
  80  5:38  Pylon  
  80  5:44  Probe  
  80  5:46  Probe x2  
  80  5:48  Assimilator  
  83  5:52  Assimilator  
  83  5:53  Pylon  
  83  5:55  Robotics Bay  
  83  5:56  Probe  
  84  5:58  Pylon, Probe x2  
  86  6:05  High Templar x2, Zealot x2  
  86  6:07  Pylon  
  86  6:08  Probe  
  95  6:13  Probe  
  95  6:15  Probe  
  95  6:17  Archon  
  97  6:19  Photon Cannon  
  97  6:21  Phoenix (Chrono Boost)  
  99  6:26  Gateway x2  
  99  6:30  Observer (Chrono Boost)  
  100  6:36  Pylon  
  100  6:37  Gateway  
  100  6:39  Gateway  
  100  6:41  Photon Cannon  
  100  6:42  High Templar  
  100  6:43  High Templar, Zealot x2  
  100  6:45  Disruptor (Chrono Boost)  
  108  6:51  Probe  
  112  6:55  Probe  
  112  6:56  Protoss Ground Weapons Level 2 (Chrono Boost)  
  112  6:57  Photon Cannon  
  112  6:58  Archon, Shield Battery, Probe  
  112  6:59  Shield Battery  
  114  7:08  Zealot x2  
  122  7:16  Pylon  
  122  7:17  Probe  
  122  7:18  Disruptor (Chrono Boost)  
  122  7:19  Zealot x2  
  122  7:20  Pylon  
  128  7:32  Zealot x2  
  128  7:33  Zealot  
  128  7:36  Oracle (Chrono Boost)  
  132  7:40  Probe  
  132  7:41  Zealot x5  
  142  7:47  Probe  
  142  7:50  Pylon  
  140  7:52  Probe  
  140  7:55  Photon Cannon  
  140  7:57  Zealot, Sentry  
  144  8:01  Fleet Beacon  
  144  8:02  Zealot x2  
  145  8:06  Oracle  
  145  8:11  Photon Cannon  
  146  8:13  Zealot x3  
  146  8:14  Disruptor (Chrono Boost)  
  145  8:22  Zealot x3  
  134  8:40  Zealot x2  
  134  8:41  Zealot  
  132  8:43  Oracle  
  132  8:44  Probe  
  132  8:46  Assimilator  
  132  8:47  Disruptor (Chrono Boost)  
  133  8:51  Zealot x2  
  136  9:01  Zealot x3  
  126  9:05  Probe  
  112  9:13  Zealot x2  
  106  9:17  Gateway  
  106  9:18  Probe  
  106  9:20  Gateway  
  106  9:22  Zealot  
  105  9:25  Zealot  
  105  9:30  Zealot  

Tags
 
Add a new tag
Caveats
  • Supply blocks, unpowered buildings, or Contaminate may cause inaccurate times.
  • Supply counts are checked every 10 seconds.